 Dungeon Crawl Stone Soup version 0.19.0-24-gb05acd6 (webtiles) character file.

482 Gargoyl the Distorting Demonspawn (level 6, 0/72 HPs)
             Began as a Demonspawn Abyssal Knight on Nov 21, 2016.
             Was a Believer of Lugonu.
             Slain by a mummy (10 damage)
             ... in an ossuary.
             The game lasted 00:06:39 (2864 turns).

Gargoyl the Distorting Demonspawn (DsAK)            Turns: 2864, Time: 00:06:40

Health: 0/72       AC: 23    Str: 15    XL:     6   Next: 87%
Magic:  9/9        EV:  2    Int: 13    God:    Lugonu [**....]
Gold:   160        SH:  0    Dex: 12    Spells: 0 memorised, 5 levels left

rFire  . . .     SeeInvis .     n - +0 war axe
rCold  . . .     Gourm    .     (armour currently unavailable)
rNeg   + + +     Faith    .     (no shield)
rPois  +         Spirit   .     (helmet currently unavailable)
rElec  .         Reflect  .     (cloak currently unavailable)
rCorr  .         Harm     .     (gloves currently unavailable)
MR     .....     NoTele   +     (boots currently unavailable)
Stlth  +.........               (no amulet)
                                (no ring)
                                (no ring)

@: tree-form, very slightly contaminated
A: (large bone plates 0), powered by death 1, (spiny 0)
a: Depart the Abyss, Bend Space, Renounce Religion


You were in an ossuary.
You worshipped Lugonu.
Lugonu was pleased with you.
You were hungry.
You were a tree.
You visited 1 branch of the dungeon, and saw 4 of its levels.
You visited the Abyss 1 time.
You also visited: Ossuary.

You collected 160 gold pieces.

Inventory:

Hand Weapons
 a - a +2 hand axe
 n - a +0 war axe (weapon)
Armour
 b - a +0 plate armour (melded)
 d - a +2 pair of gloves (melded)
Scrolls
 e - a scroll of recharging {unknown}
 h - a scroll of fear {unknown}
 j - a scroll of identify
 p - a scroll of blinking {unknown}
Potions
 f - a potion of lignification
 m - a potion of cancellation
Comestibles
 c - a bread ration
 g - 2 beef jerkies
 i - 3 meat rations
 k - a slice of pizza
 l - a chunk of flesh


   Skills:
 + Level 4.3 Fighting
 + Level 4.0 Axes
 * Level 3.8 Armour
 + Level 1.6 Dodging
 * Level 4.4 Invocations


You had 5 spell levels left.
You didn't know any spells.

Dungeon Overview and Level Annotations

Branches:
Dungeon (4/15)
 Temple: D:4-7

Altars:
Okawaru

Annotations:
D:3 Remedyn's ghost, amateur FoFi


Innate Abilities, Weirdness & Mutations

((You are partially covered in large bone plates. (SH +4)))
You regenerate a little health from kills.
((You are partially covered in sharp spines.))


Message History

The mummy hits you but does no damage.
Unknown command.
You hit the mummy.
The mummy is severely damaged.
You hit the mummy. x2; The mummy hits you!
The mummy hits you but does no damage. x2
Unknown command.
You hit the mummy.
The mummy is severely damaged.
You hit the mummy. x2; The mummy hits you but does no damage.
The mummy hits you!
* * * LOW HITPOINT WARNING * * *
The mummy hits you!
* * * LOW HITPOINT WARNING * * *
Okay, then.
Okay, then.
You hit the mummy.
The mummy is almost destroyed.
You hit the mummy. x2; The mummy hits you!
You die... ####### #.#.#.# #.....# #MMM#

#.♣.#
#...#
#.∩.#
#...#
##+##


You could see 3 mummies.

Vanquished Creatures
  Sigmund (D:2)
  Duvessa (D:4)
  Dowan (D:4)
  2 worker ants (D:4)
  4 adders (D:2)
  2 oozes
  3 worms (D:2)
  A dart slug (D:2)
  4 leopard geckos
  An orc (D:4)
  5 bats
  2 giant cockroaches (D:1)
  11 goblins
  2 hobgoblins
  4 jackals (D:2)
  2 quokkas (D:3)
  A ball python (D:1)
  6 frilled lizards
  4 kobolds
  A leopard gecko zombie (D:4)
  5 rats
63 creatures vanquished.

Notes
Turn   | Place    | Note
-------+----------+-------------------------------------------
     0 | Abyss:1  | Gargoyl the Demonspawn Abyssal Knight began the quest for the Orb.
     0 | Abyss:1  | Reached XP level 1. HP: 18/18 MP: 2/2
    93 | Abyss:2  | Noticed a large abomination
   103 | Abyss:2  | Noticed a small abomination
   110 | D:1      | Escaped the Abyss
   176 | D:1      | Reached * piety under Lugonu
   196 | D:1      | Gained mutation: You are partially covered in large bone plates. (SH +4) [demonic ancestry]
   196 | D:1      | Reached XP level 2. HP: 21/24 MP: 3/3
  1043 | D:2      | Reached XP level 3. HP: 30/30 MP: 4/4
  1276 | D:2      | Noticed Sigmund
  1292 | D:2      | Reached ** piety under Lugonu
  1321 | D:2      | Killed Sigmund
  1321 | D:2      | Reached skill level 1 in Dodging
  1321 | D:2      | Gained mutation: You are partially covered in sharp spines. [demonic ancestry]
  1321 | D:2      | Reached XP level 4. HP: 22/37 MP: 6/6
  1321 | D:2      | Reached XP level 5. HP: 25/42 MP: 7/7
  2476 | D:3      | Noticed Remedyn's ghost (amateur FoFi)
  2515 | D:2      | Gained mutation: You regenerate a little health from kills. [demonic ancestry]
  2515 | D:2      | Reached XP level 6. HP: 24/48 MP: 9/9
  2720 | D:4      | Found an iron altar of Okawaru.
  2790 | D:4      | Noticed Dowan
  2791 | D:4      | Noticed Duvessa
  2801 | D:4      | Killed Duvessa
  2819 | D:4      | Killed Dowan
  2846 | D:4      | Found a sand-covered staircase.
  2854 | Ossuary  | Entered an ossuary
  2864 | Ossuary  | Slain by a mummy

Skill      XL: |  1  2  3  4  5  6 |
---------------+-------------------+-----
Armour         | 2 3 |  3.8
Axes           | 3 4 |  4.0
Fighting       | 4 |  4.3
Dodging        | 1 |  1.6
Invocations    | 3 4 |  4.4

Action                   |  1- 3 |  4- 6 || total
-------------------------+-------+-------++-------
Melee: Hand axe          |   130 |    62 ||   192
       War axe           |       |    20 ||    20
Invok: Depart the Abyss  |     1 |       ||     1
  Use: Potion            |     3 |     2 ||     5
       Scroll            |       |    10 ||    10
  Eat: Chunk             |     1 |     5 ||     6
Armor: Leather armour    |    14 |       ||    14
       Chain mail        |    23 |    11 ||    34
       Ring mail         |     2 |       ||     2
       Plate armour      |       |    32 ||    32
       Skin              |       |     7 ||     7
Dodge: Dodged            |    55 |    25 ||    80
Block: Other             |    17 |    17 ||    34
